 Dungeon Crawl Stone Soup version 0.29-a0-1027-gcd8c55af63 (webtiles) character file.

Game seed: 6475547768067037239

228 Newt the Shooter (level 6, -2/37 HPs)
             Began as a Kobold Hunter on Aug 12, 2022.
             Slain by an orc
             ... wielding a +0 flail
              (3 damage)
             ... on level 3 of the Dungeon.
             The game lasted 00:04:37 (3549 turns).

Newt the Shooter (Kobold Hunter)                    Turns: 3549, Time: 00:04:38

Health: -2/37      AC:  3    Str:  8 (9)  XL:     6   Next: 22%
Magic:  6/6        EV: 15    Int:  7 (10) God:
Gold:   107        SH:  0    Dex: 18 (20) Spells: 5/5 levels left

rFire   . . .      SeeInvis .   a - +0 shortbow
rCold   . . .      Faith    .   (shield currently unavailable)
rNeg    . . .      Spirit   .   c - +0 leather armour
rPois   .          Reflect  .   (no helmet)
rElec   .          Harm     .   (no cloak)
rCorr   .          Rampage  .   (no gloves)
Will    .....                   (no boots)
Stlth   +++.......              (no amulet)
HPRegen 0.12/turn               (no ring)
MPRegen 0.10/turn               (no ring)

@: mighty
A: small, no large weapons, nightstalker 3
a: no special abilities


You were on level 3 of the Dungeon.
You visited 1 branch of the dungeon, and saw 4 of its levels.

You collected 107 gold pieces.

Inventory:

Hand Weapons
 a - a +0 shortbow (weapon)
Missiles
 g - a throwing net
Armour
 c - a +0 leather armour (worn)
Jewellery
 i - an amulet of faith
 o - a ring of wizardry
Scrolls
 b - 2 scrolls of immolation
 d - 2 scrolls of noise
 h - a scroll of brand weapon {unknown}
 j - 4 scrolls of fear {unknown}
 k - a scroll of teleportation {unknown}
 m - a scroll of enchant armour {unknown}
 n - a scroll of butterflies {unknown}
 p - a scroll of identify


   Skills:
 - Level 3.0 Fighting
 - Level 7.1 Ranged Weapons
 + Level 2.1 Armour
 + Level 4.1 Dodging
 - Level 1.3 Stealth


You had 5 spell levels left.
You didn't know any spells.
Your spell library contained the following spells:

 Spells                   Type           Power      Damage    Failure   Level
 Foxfire                  Conj/Fire      0%         2x1d4     54%         1
 Conjure Flame            Conj/Fire      0%         6-21      89%         3
 Gell's Gravitas          Tloc           0%         N/A       89%         3
 Inner Flame              Hex/Fire       0%         N/A       89%         3
 Lesser Beckoning         Tloc           0%         N/A       89%         3
 Teleport Other           Tloc           0%         N/A       89%         3
 Flame Wave               Conj/Fire      0%         2d4       100%        4


Dungeon Overview and Level Annotations

Branches:
Dungeon (4/15)
 Temple: D:4-7

Altars:


Innate Abilities, Weirdness & Mutations

You are small and have problems with some larger weapons.
You are completely attuned to the shadows.


Message History

You feel sick.
The scorpion stings you but does no damage.
The orc misses you. The scorpion barely misses you.
Fire: a) +0 shortbow
Press: ? - help, Q - select action, (/) - cycle Shift-Dir - straight line, f/p - scorpion
Aim: a scorpion (severely wounded, 66% to hit)
You shoot an arrow. The arrow barely misses the scorpion.
The arrow hits the orc.
The orc is almost dead.
You feel sick. The orc hits you with a +0 club. The scorpion misses you.
The orc hits you with a +0 club.
* * * LOW HITPOINT WARNING * * *
Fire: a) +0 shortbow
Press: ? - help, Q - select action, (/) - cycle Shift-Dir - straight line, f/p - scorpion
Aim: a scorpion (severely wounded, 66% to hit)
You shoot an arrow. The arrow hits the scorpion!
You kill the scorpion!
You feel sick.
You are no longer poisoned.
The orc hits you with a +0 club.
* * * LOW HITPOINT WARNING * * *
Your Armour skill increases to level 2!
Your Dodging skill increases to level 4!
You have reached level 6!
It was a potion of degeneration.
There was something very wrong with that liquid.
You feel weakened.
You feel dopey.
You feel clumsy. The orc barely misses you. The orc hits you with a +0 flail.
* * * LOW HITPOINT WARNING * * *
Fire: a) +0 shortbow
Press: ? - help, Q - select action, (/) - cycle Shift-Dir - straight line, f - orc
Aim: an orc, wielding a +0 flail (almost dead, 65% to hit)
You shoot an arrow. The arrow barely misses the orc.
Fire: a) +0 shortbow
Press: ? - help, Q - select action, (/) - cycle Shift-Dir - straight line, f - orc, p - orc
Aim: an orc, wielding a +0 club and wearing a +0 ring mail (69% to hit)
You shoot an arrow. The arrow hits the orc!
You kill the orc!
The orc hits you with a +0 flail.
You die...

#.# #.###########.....
#.##########.................
#####.#........#.#....######<###.
......#.######.#.#.##.# ### #.
......#.#...##.#.#.##.# #.
#.....#.#.#.##.#.#.##.# #.
#.#####.#.#.##.#o#.##.# #######.
#.# #.#.#.##.#o#.##.####.....#.
#.# #.#)#.##.#@).......'.......
#.# #.#.#.##.###.##.####.....#.
#.# #.#.#.##.# #.##.# #.....#.
#.# #.#.#.##.###.##.# ##..[...
#.# #.#........#.##.# #...... #.#
#.#.########.##.# #...... #.#
#............##.# ######. #.#
###.########.##.# #. #.# #.#
####.# #.


You could see 2 orcs.

Vanquished Creatures
  A scorpion (D:3)
  An orc priest (D:3)
  5 adders
  2 worms (D:3)
  2 dart slugs
  5 orcs (D:3)
  8 ball pythons
  4 endoplasms
  2 giant cockroaches
  9 goblins
  6 hobgoblins
  8 jackals
  2 quokkas
  9 bats
  A frilled lizard (D:3)
  6 kobolds
  12 rats
83 creatures vanquished.

Vanquished Creatures (others)
  12 plants (D:2)
12 creatures vanquished.

Grand Total: 95 creatures vanquished

Notes
Turn   | Place    | Note
-------+----------+-------------------------------------------
     0 | D:1      | Newt the Kobold Hunter began the quest for the Orb.
     0 | D:1      | Reached XP level 1. HP: 12/12 MP: 1/1
    70 | D:1      | Reached XP level 2. HP: 18/18 MP: 2/2
   324 | D:1      | Reached XP level 3. HP: 22/22 MP: 3/3
   426 | D:1      | Reached skill level 6 in Ranged Weapons
   817 | D:1      | Found a faded altar of an unknown god.
  1110 | D:2      | Reached XP level 4. HP: 25/28 MP: 4/4
  1901 | D:3      | Reached skill level 7 in Ranged Weapons
  2034 | D:3      | Reached XP level 5. HP: 18/32 MP: 5/5
  2274 | D:3      | Identified the +2 war axe of the Twisting Big Fish {flame,
                  | Fly rF+++ Will+ Stlth-}
  2661 | D:3      | Reached skill level 1 in Armour
  3547 | D:3      | Reached XP level 6. HP: 4/37 MP: 6/6
  3547 | D:3      | HP: 1/37 [orc/+0 flail (3)]
  3549 | D:3      | Slain by an orc

Illustrated notes

Levels and vault maps discovered:
D:1:      eino_arrival_water_star, layout_basic,
          chequers_ecumenical_altar_island, st_stairs_5, minmay_vboxes
D:2:      layout_basic, serial_bayou_lake_a
D:3:      layout_basic, minmay_box_of_dots
D:4:      layout_cave_pools, chequers_temple_overflow_minitemple, serial_undead,
          serial_undead_f, serial_undead_f, serial_undead_b, serial_undead_c,
          kennysheep_doodads, minmay_misc_feat_tiny, uniq_blork_the_orc

Skill      XL: |  1  2  3  4  5 |
---------------+----------------+-----
Fighting       | 3 |  3.0
Ranged Weapons | 6 7 |  7.1
Dodging        | 4 |  4.1
Armour         | 2 |  2.1
Stealth        | |  1.3

Action                   |  1- 3 |  4- 6 || total
-------------------------+-------+-------++-------
 Fire: Shortbow          |    93 |   107 ||   200
  Use: Scroll            |       |     3 ||     3
       Potion            |       |     3 ||     3
Armor: Leather armour    |    15 |    10 ||    25
Dodge: Dodged            |    45 |    62 ||   107

Table legend: (Time is in decaauts)
 A = Elapsed time spent in this place.
 B = Non-inter-level travel time spent in this place.
 C = Inter-level travel time spent in this place.
 D = Time resting spent in this place.
 E = Time spent auto-exploring this place.
 F = Levels seen in this place.
 G = Mean time per level.
                   A        B        C        D        E       F      G
               +--------+--------+--------+--------+--------+-----+--------+
         Total |   3645 |   3471 |    174 |    591 |   2502 |   4 |  911.2 |
       Dungeon |   3645 |   3471 |    174 |    591 |   2502 |   4 |  911.2 |
               +--------+--------+--------+--------+--------+-----+--------+

Top non-repeatable levels by time:
     D:3: 1660 daAuts
     D:2: 1056 daAuts
     D:1: 889 daAuts
     D:4: 39 daAuts
